 Dungeon Crawl Stone Soup version 0.28.0 (webtiles) character file.

Game seed: 16748201751765801008

94 Morbidden the Gusty (level 4, -1/32 HPs)
             Began as a Demonspawn Air Elementalist on Feb 7, 2022.
             Slain by a gnoll (4 damage)
             ... on level 2 of the Dungeon.
             The game lasted 00:04:45 (2904 turns).

Morbidden the Gusty (Demonspawn Air Elementalist)   Turns: 2904, Time: 00:04:46

Health: -1/32      AC:  3    Str:  9    XL:     4   Next: 38%
Magic:  3/8        EV: 12    Int: 18    God:
Gold:   43         SH:  0    Dex: 13    Spells: 5/8 levels left

rFire   . . .      SeeInvis .   (no weapon)
rCold   . . .      Faith    .   (no shield)
rNeg    . . .      Spirit   .   a - +0 robe
rPois   .          Reflect  .   (no helmet)
rElec   .          Harm     .   c - +0 cloak
rCorr   .          Rampage  .   (no gloves)
Will    +....                   (no boots)
Stlth   ++........              (no amulet)
HPRegen 0.10/turn               b - ring of willpower
MPRegen 0.22/turn               (no ring)

@: no status effects
A: hooves 1, magic regeneration
a: no special abilities


You were on level 2 of the Dungeon.
You visited 1 branch of the dungeon, and saw 3 of its levels.

You collected 67 gold pieces.
You spent 24 gold pieces at shops.

Inventory:

Armour
 a - a +0 robe (worn)
 c - a +0 cloak (worn)
Jewellery
 b - a ring of willpower (left hand)
Scrolls
 d - a scroll of immolation {unknown}
 f - a scroll of fog {unknown}
 g - 2 scrolls of amnesia
 i - 2 scrolls of fear {unknown}
 j - 3 scrolls of identify
Potions
 e - 2 potions of invisibility {unknown}
 h - 3 potions of heal wounds {unknown}
 k - a potion of berserk rage {unknown}


   Skills:
 * Level 1.2 Fighting
 + Level 1.9 Dodging
 + Level 1.8 Stealth
 * Level 2.9 Spellcasting
 * Level 1.6 Conjurations
 * Level 3.5 Air Magic


You had 5 spell levels left.
You knew the following spells:

 Your Spells              Type           Power      Damage    Failure   Level
a - Shock                 Conj/Air       48%        1d6       5%          1
b - Static Discharge      Conj/Air       12%        N/A       9%          2

Your spell library contained the following spells:

 Spells                   Type           Power      Damage    Failure   Level
 Swiftness                Air            15%        N/A       12%         3
 Beastly Appendage        Tmut           4%         N/A       17%         1
 Summon Small Mammal      Summ           8%         N/A       17%         1
 Wereblood                Tmut           2%         N/A       26%         2
 Airstrike                Air            7%         N/A       36%         4
 Call Canine Familiar     Summ           2%         N/A       45%         3
 Spider Form              Tmut/Pois      2%         N/A       45%         3
 Summon Guardian Golem    Hex/Summ       2%         N/A       45%         3


Dungeon Overview and Level Annotations

Branches:
Dungeon (3/15)

Altars:
Trog

Shops:
D:1 *   D:2 ?

Annotations:
D:2 1 runed translucent door, Crazy Yiuf
D:3 Sigmund


Innate Abilities, Weirdness & Mutations

You have large cloven feet.
You regenerate magic rapidly.


Message History

Unknown command.
Casting: Static Discharge (safe; 9% risk of failure)
Confirm with . or Enter, or press ? or * to list all spells.
The gnoll is struck by an arc of lightning.
The gnoll is heavily wounded.
The lightning grounds out.
The gnoll is struck by an arc of lightning!
The gnoll is heavily wounded.
You are struck by an arc of lightning.
The lightning grounds out.
The gnoll barely misses you. The gnoll hits you but does no damage.
The gnoll hits you with a +0 club. The gnoll closely misses you.
Unknown command.
Casting: Static Discharge (safe; 9% risk of failure)
Confirm with . or Enter, or press ? or * to list all spells.
The gnoll is struck by an arc of lightning.
The gnoll is almost dead.
The lightning grounds out.
The gnoll hits you with a +0 club. The gnoll misses you.
The gnoll closely misses you. The gnoll hits you with a +0 club.
The gnoll misses you. The gnoll hits you with a +0 club.
Unknown command.
Unknown command.
Unknown command.
The gnoll closely misses you.
The gnoll hits you from afar with a +0 spear.
The gnoll misses you.
You climb upwards.
Level annotation: 1 runed translucent door, Crazy Yiuf
There is a stone staircase leading down here.
Unknown command.
Casting: Static Discharge (safe; 9% risk of failure)
Confirm with . or Enter, or press ? or * to list all spells.
The gnoll is struck by an arc of lightning.
The gnoll is severely wounded.
You are struck by an arc of lightning.
* * * LOW HITPOINT WARNING * * *
The lightning grounds out.
The gnoll hits you with a +0 club!
* * * LOW HITPOINT WARNING * * *
The gnoll hits you with a +0 club.
You die...

.....##...#####################
.....###.#......#...w.........#
.....#
#.#.####.#>###########.###
.....# #.#.#
#.#.#..............
.#######.#.#
#.#.#.#########.###
.#.......#.####.....#########.#
...#######.....<.......∩......#
.#.............#g.....#########
................@.....#
##..######.....#g.....# ##..#
#.#########.## ....## #.# #.#
.#...# #.#########.#####
.#.#.## #....##.........#
.#.#..# #....##.........#
.#.##.# #....##.........#
.#.##.# ##....##.........#


You could see 2 gnolls.

Vanquished Creatures
  Jessica (D:2)
  A gnoll (D:2)
  2 adders (D:2)
  2 worms (D:2)
  2 ball pythons (D:3)
  2 endoplasms
  A giant cockroach (D:2)
  2 goblins (D:1)
  5 hobgoblins
  2 kobolds (D:2)
  3 quokkas
  5 bats
  7 rats
35 creatures vanquished.

Notes
Turn   | Place    | Note
-------+----------+-------------------------------------------
     0 | D:1      | Morbidden the Demonspawn Air Elementalist began the quest
                  | for the Orb.
     0 | D:1      | Reached XP level 1. HP: 13/13 MP: 3/3
   311 | D:1      | Reached skill level 3 in Air Magic
   378 | D:1      | Found a faded altar of an unknown god.
   554 | D:1      | Found Ynihya's Assorted Antiques.
   599 | D:1      | Gained mutation: You have large cloven feet. [demonic
                  | ancestry]
   599 | D:1      | Reached XP level 2. HP: 19/19 MP: 3/5
  1448 | D:2      | Learned a level 2 spell: Static Discharge
  1582 | D:2      | Noticed Jessica
  1585 | D:2      | Killed Jessica
  1586 | D:2      | Gained mutation: You regenerate magic rapidly. [demonic
                  | ancestry]
  1586 | D:2      | Reached XP level 3. HP: 25/25 MP: 2/6
  1909 | D:2      | Found Holeer's Magic Scroll Shoppe.
  1937 | D:2      | Bought a scroll of identify for 24 gold pieces
  2277 | D:2      | Reached XP level 4. HP: 29/31 MP: 0/8
  2366 | D:2      | Found a runed translucent door.
  2367 | D:2      | Noticed Crazy Yiuf
  2535 | D:3      | Found a bloodstained altar of Trog.
  2565 | D:3      | Noticed Sigmund
  2584 | D:2      | Reached skill level 1 in Fighting
  2904 | D:2      | Slain by a gnoll

Illustrated notes

Levels and vault maps discovered:
D:1:      grunt_arrival_crossed_arrows, layout_loops_corners, serial_shops,
          nicolae_shop_hallway_stairs, hellmonk_ecumenical_altar_run_dry,
          chequers_serial_rivers_large_a
D:2:      layout_basic, serial_shops, shop, uniq_jessica,
          uniq_crazy_yiuf_cottage
D:3:      layout_loops_ring, mainiacjoe_overflow_cross_hatched, uniq_sigmund

Skill      XL: |  1  2  3  4 |
---------------+-------------+-----
Air Magic      | 3 |  3.5
Fighting       | 1 |  1.2
Dodging        | |  1.9
Stealth        | |  1.8
Spellcasting   | |  2.9
Conjurations   | |  1.6

Action                   |  1- 3 |  4- 6 || total
-------------------------+-------+-------++-------
Melee: Unarmed           |     6 |     2 ||     8
       Kick              |       |     1 ||     1
 Cast: Shock             |    82 |    17 ||    99
       Static Discharge  |       |     8 ||     8
  Use: Scroll            |     2 |       ||     2
Armor: Robe              |     6 |     5 ||    11
Dodge: Dodged            |    13 |    22 ||    35
